WCHLSIM.com - West Coast Hockey League
html PUBLIC "-//W3C//DTD XHTML 1.0 Transitional//EN" "http://www.w3.org/TR/xhtml1/DTD/xhtml1-transitional.dtd"> WCHL - Game 644 - LOS ANGELES SEALS vs RENO LIONS

LOS ANGELES SEALS vs RENO LIONS

Created - 15 janvier 2020 at 18:07

Goals
1 2 3 T
LOS ANGELES SEALS 2 1 1 4
RENO LIONS 1 0 1 2
Shots
1 2 3 T
LOS ANGELES SEALS 12 10 14 36
RENO LIONS 6 7 13 26

1st period

1. LOS ANGELES SEALS , Mark Scheifele 29 (Alex Goligoski 7, Brock Boeser 29) at 2:41 (PP)
2. LOS ANGELES SEALS , Patrick Marleau 3 (Esa Lindell 13) at 9:14
3. RENO LIONS , Max Domi 11 (Evgeny Dadonov 21, Pierre-Luc Dubois 39) at 10:37

Penalties :
Robert Hagg (REN) for Hooking (Minor) at 0:52, Shayne Gostisbehere (LOS) for High sticking (Double Minor) at 12:10

2nd period

4. LOS ANGELES SEALS , Joe Thornton 15 (Andreas Johnsson 18) at 8:40

Penalties :
Robert Hagg (REN) for Interference (Minor) at 2:44, Adam Lowry (LOS) for Holding (Minor) at 2:44, Pierre-Luc Dubois (REN) for Hooking (Minor) at 14:31, Dan Hamhuis (LOS) for Hooking (Minor) at 14:31

3rd period

5. LOS ANGELES SEALS , Mark Scheifele 30 (Jake DeBrusk 10, Brock Boeser 30) at 14:44
6. RENO LIONS , Evgeny Dadonov 12 (Pierre-Luc Dubois 40, Max Domi 38) at 16:13

Penalties :
Timo Meier (REN) for Hooking (Minor) at 8:50, Dan Hamhuis (LOS) for Tripping (Minor) at 18:23

Goalie Stats

Robin Lehner (LOS), 24 saves from 26 shots - (0,923), W, 10-19-3, 60:00 minutes
Thomas Greiss (REN), 32 saves from 36 shots - (0,889), L, 12-6-1, 60:00 minutes

Players Stats for LOS ANGELES SEALS

Player Name              G  A  P  +/- PIM S  H  SB GA TA FO     MP     PP MP  PK MP  
------------------------------------------------------------------------------------
Adam Lowry               0  0  0  -1  2   0  0  1  0  0  8/12    8:37   0:00   3:02 
Alex Goligoski           0  1  1   1  0   0  1  0  0  0  0/0    24:41   2:12   0:48 
Andreas Johnsson         0  1  1   1  0   1  1  0  0  0  0/0    15:54   1:36   0:26 
Brandon Carlo            0  0  0   1  0   0  1  2  0  0  0/0    22:44   2:03   2:59 
Brock Boeser             0  2  2   0  0   1  1  0  0  0  1/2    22:35   2:12   0:00 
Colin White              0  0  0   1  0   2  1  0  0  0  8/17   12:34   0:00   2:30 
Craig Smith              0  0  0   1  0   0  1  2  0  0  0/0    10:04   0:00   0:00 
Dan Hamhuis              0  0  0  -1  4   0  1  0  0  0  0/0    13:56   0:48   1:56 
Erik Haula               0  0  0  -1  0   1  0  1  0  0  4/4     8:48   0:00   2:30 
Esa Lindell              0  1  1   1  0   1  2  0  0  0  0/0    24:32   0:00   2:51 
Jake DeBrusk             0  1  1   0  0   6  0  0  0  0  0/2    19:19   2:12   0:00 
Joe Thornton             1  0  1   1  0   5  0  0  0  0  13/17  16:30   1:36   0:00 
Justin Williams          0  0  0   1  0   3  0  0  0  0  0/1    15:28   1:36   0:00 
Mark Scheifele           2  0  2   0  0   11 2  0  0  0  18/30  22:15   2:12   0:00 
Mathieu Perreault        0  0  0  -1  0   0  1  0  0  0  0/1     8:18   0:00   2:42 
Patrick Marleau          1  0  1   1  0   3  1  0  0  0  0/0    10:04   0:00   0:00 
Roman Polak              0  0  0   1  0   1  0  3  0  0  0/0    20:18   0:00   2:36 
Shayne Gostisbehere      0  0  0  -1  4   1  0  1  0  0  0/0    13:46   2:33   0:00 

Players Stats for RENO LIONS

Player Name              G  A  P  +/- PIM S  H  SB GA TA FO     MP     PP MP  PK MP  
------------------------------------------------------------------------------------
Alex Killorn             0  0  0  -1  0   1  0  0  0  0  2/3    20:48   2:37   0:00 
Anders Lee               0  0  0  -1  0   2  0  0  0  0  0/0    15:54   0:58   0:17 
Blake Coleman            0  0  0  -1  0   1  0  1  0  0  3/26   15:47   0:00   1:08 
Drew Stafford            0  0  0   0  0   0  0  0  0  0  0/0     3:43   0:00   0:00 
Elias Pettersson         0  0  0  -1  0   3  0  1  0  0  11/20  18:49   2:00   0:00 
Ethan Bear               0  0  0   2  0   0  0  1  0  0  0/0    19:01   3:01   2:05 
Evgeny Dadonov           1  1  2   1  0   4  0  0  0  0  0/0    17:02   2:58   0:00 
Jordie Benn              0  0  0  -1  0   3  0  2  0  0  0/0    20:47   3:01   2:11 
Max Domi                 1  1  2   1  0   3  0  0  0  0  11/21  17:02   2:58   0:00 
Nikolay Goldobin         0  0  0   0  0   0  0  0  0  0  0/0     3:43   0:00   0:00 
Oliver Ekman-Larsson     0  0  0  -2  0   0  2  0  0  0  0/0    22:46   2:34   0:10 
Olli Maatta              0  0  0  -1  0   0  0  2  0  0  0/0    20:29   0:00   2:26 
Pierre-Luc Dubois        0  2  2   1  2   3  0  0  0  0  0/6    17:48   2:37   1:08 
Robert Hagg              0  0  0   2  4   0  1  2  0  0  0/0    13:26   0:00   0:44 
Ryan Pulock              0  0  0  -2  0   1  4  0  0  0  0/0    23:29   2:34   0:00 
Timo Meier               0  0  0  -1  2   5  2  1  0  0  0/0    20:40   2:37   1:15 
Tomas Nosek              0  0  0   0  0   0  1  0  0  0  7/10    7:28   0:00   2:23 
Vincent Hinostroza       0  0  0  -1  0   0  0  0  0  0  0/0    13:28   0:00   1:25 

3 Stars

1 - Mark Scheifele (LOS)
2 - Patrick Marleau (LOS)
3 - Evgeny Dadonov (REN)

Power Play

LOS ANGELES SEALS - 1 on 2 Attempt(s) - 50,00%
RENO LIONS - 0 on 3 Attempt(s) - 0,00%

Penalty Kill

LOS ANGELES SEALS - 3 on 3 Attempt(s) - 100,00% - Score 0 goal in Penalty Kill
RENO LIONS - 1 on 2 Attempt(s) - 50,00% - Score 0 goal in Penalty Kill

Team Stat

LOS ANGELES SEALS - Hits : 13 - Faceoff Wins : 52 - Blocked Shots : 10 - Penalty Minutes : 10
RENO LIONS - Hits : 10 - Faceoff Wins : 34 - Blocked Shots : 10 - Penalty Minutes : 8

Official

Referees : Jarrod Ragusin and Greg Kimmerly
Linesman : Devin Berg and Eric Ernst

Game Notes

No Game Note

Finance

Level 1 -- Attendance: 3934 (56,20%) -- Ticket Income 668 780 $
Level 2 -- Attendance: 2887 (48,12%) -- Ticket Income 360 875 $
Level 3 -- Attendance: 1548 (51,60%) -- Ticket Income 123 840 $
Level 4 -- Attendance: 2824 (56,48%) -- Ticket Income 155 320 $
Luxury Box -- Attendance: 553 (55,30%) -- Ticket Income 210 140 $
Game was played at the Lions Kingdom.
Total Attendance: 11746 (53,39%)
Total Ticket Income: 1 518 955 $
Other Income: 455 686 $
Total Income: 1 974 641 $

LOS ANGELES SEALS

5 vs 5 Forward 
   Center                   Left Wing                Right Wing               Time % Phy DF OF 
 1 Mark Scheifele           Jake DeBrusk             Brock Boeser             36     1   2  2  
 2 Joe Thornton             Andreas Johnsson         Justin Williams          29     1   2  2  
 3 Colin White              Patrick Marleau          Craig Smith              21     2   2  1  
 4 Adam Lowry               Mathieu Perreault        Erik Haula               14     1   2  2  

5 vs 5 Defense 
   Defense                  Defense                                           Time % Phy DF OF 
 1 Esa Lindell              Alex Goligoski                                    36     1   3  1  
 2 Roman Polak              Brandon Carlo                                     31     1   3  1  
 3 Shayne Gostisbehere      Dan Hamhuis                                       23     1   2  2  
 4 Alex Goligoski           Esa Lindell                                       10     1   3  1  

PowerPlay Forward 
   Center                   Left Wing                Right Wing               Time % Phy DF OF 
 1 Mark Scheifele           Jake DeBrusk             Brock Boeser             55     1   2  2  
 2 Joe Thornton             Andreas Johnsson         Justin Williams          45     1   2  2  

PowerPlay Defense
   Defense                  Defense                                           Time % Phy DF OF 
 1 Shayne Gostisbehere      Alex Goligoski                                    55     1   2  2  
 2 Shayne Gostisbehere      Brandon Carlo                                     45     1   2  2  

Penalty Kill 4 Players Forward 
   Center                   Wing                     Time % Phy DF OF 
 1 Adam Lowry               Mathieu Perreault        55     1   2  2  
 2 Erik Haula               Colin White              45     1   2  2  

Penalty Kill 4 Players Defense
   Defense                  Defense                  Time % Phy DF OF 
 1 Esa Lindell              Brandon Carlo            55     1   2  2  
 2 Roman Polak              Dan Hamhuis              45     1   2  2  

Penalty Kill - 3 Players Forward 
   Forward                                           Time % Phy DF OF 
 1 Adam Lowry                                        55     1   2  2  
 2 Erik Haula                                        45     1   2  2  

Penalty Kill - 3 Players Defense
   Defense                  Defense                  Time % Phy DF OF 
 1 Esa Lindell              Alex Goligoski           55     1   2  2  
 2 Roman Polak              Brandon Carlo            45     1   2  2  

4 vs 4 Forward 
   Center                   Wing                     Time % Phy DF OF 
 1 Mark Scheifele           Brock Boeser             55     1   2  2  
 2 Joe Thornton             Brock Boeser             45     1   2  2  

4 vs 4 Defense
   Defense                  Defense                  Time % Phy DF OF 
 1 Alex Goligoski           Esa Lindell              55     1   2  2  
 2 Roman Polak              Brandon Carlo            45     1   2  2  

Last Minutes Offensive
   Center                   Left Wing                Right Wing               Defense                  Defense                  
   Mark Scheifele           Patrick Marleau          Justin Williams          Esa Lindell              Alex Goligoski           

Last Minutes Defensive
   Center                   Left Wing                Right Wing               Defense                  Defense                  
   Joe Thornton             Patrick Marleau          Justin Williams          Esa Lindell              Alex Goligoski           

Goaltenders
Starting : Robin Lehner             
Backup : Roberto Luongo           

Extra Forwards
Normal : Erik Haula, Justin Williams, Andreas Johnsson - PP : Erik Haula, Mark Scheifele - PK : Andreas Johnsson
Extra Defensemen
Normal : Esa Lindell, Alex Goligoski, Brandon Carlo - PP : Shayne Gostisbehere - PK : Dan Hamhuis, Roman Polak
Penalty Shots
Erik Haula, Mark Scheifele, Justin Williams, Brock Boeser, Patrick Marleau
Custom OT Lines Forwards
Joe Thornton, Mark Scheifele, Justin Williams, Brock Boeser, Patrick Marleau, Erik Haula, Andreas Johnsson, Adam Lowry, Colin White, Mathieu Perreault
Custom OT Lines Defensemen
Esa Lindell, Alex Goligoski, Roman Polak, Brandon Carlo, Shayne Gostisbehere

Scratches
Ben Thomson (Healthy), John Stevens (Healthy), Juho Lammikko (Healthy), Kevin Rooney (Healthy), Nate Prosser (Healthy)
Jonathan Quick (Healthy)

RENO LIONS

5 vs 5 Forward 
   Center                   Left Wing                Right Wing               Time % Phy DF OF 
 1 Elias Pettersson         Alex Killorn             Timo Meier               35     1   2  2  
 2 Max Domi                 Pierre-Luc Dubois        Evgeny Dadonov           30     1   2  2  
 3 Blake Coleman            Anders Lee               Vincent Hinostroza       25     1   2  2  
 4 Tomas Nosek              Nikolay Goldobin         Drew Stafford            10     1   2  2  

5 vs 5 Defense 
   Defense                  Defense                                           Time % Phy DF OF 
 1 Oliver Ekman-Larsson     Ryan Pulock                                       35     1   2  2  
 2 Olli Maatta              Jordie Benn                                       35     1   2  2  
 3 Ethan Bear               Robert Hagg                                       25     1   2  2  
 4 Oliver Ekman-Larsson     Ryan Pulock                                       5      1   2  2  

PowerPlay Forward 
   Center                   Left Wing                Right Wing               Time % Phy DF OF 
 1 Max Domi                 Evgeny Dadonov           Elias Pettersson         55     1   2  2  
 2 Pierre-Luc Dubois        Alex Killorn             Timo Meier               45     1   2  2  

PowerPlay Defense
   Defense                  Defense                                           Time % Phy DF OF 
 1 Oliver Ekman-Larsson     Ryan Pulock                                       55     1   2  2  
 2 Ethan Bear               Jordie Benn                                       45     1   2  2  

Penalty Kill 4 Players Forward 
   Center                   Wing                     Time % Phy DF OF 
 1 Tomas Nosek              Timo Meier               55     1   2  2  
 2 Pierre-Luc Dubois        Blake Coleman            45     1   2  2  

Penalty Kill 4 Players Defense
   Defense                  Defense                  Time % Phy DF OF 
 1 Jordie Benn              Olli Maatta              55     1   2  2  
 2 Ethan Bear               Robert Hagg              45     1   2  2  

Penalty Kill - 3 Players Forward 
   Forward                                           Time % Phy DF OF 
 1 Timo Meier                                        55     1   2  2  
 2 Blake Coleman                                     45     1   2  2  

Penalty Kill - 3 Players Defense
   Defense                  Defense                  Time % Phy DF OF 
 1 Jordie Benn              Ryan Pulock              55     1   2  2  
 2 Olli Maatta              Ethan Bear               45     1   2  2  

4 vs 4 Forward 
   Center                   Wing                     Time % Phy DF OF 
 1 Blake Coleman            Anders Lee               55     1   2  2  
 2 Tomas Nosek              Alex Killorn             45     1   2  2  

4 vs 4 Defense
   Defense                  Defense                  Time % Phy DF OF 
 1 Olli Maatta              Robert Hagg              55     1   2  2  
 2 Ethan Bear               Ryan Pulock              45     1   2  2  

Last Minutes Offensive
   Center                   Left Wing                Right Wing               Defense                  Defense                  
   Max Domi                 Evgeny Dadonov           Elias Pettersson         Oliver Ekman-Larsson     Ryan Pulock              

Last Minutes Defensive
   Center                   Left Wing                Right Wing               Defense                  Defense                  
   Pierre-Luc Dubois        Tomas Nosek              Timo Meier               Jordie Benn              Ryan Pulock              

Goaltenders
Starting : Thomas Greiss            
Backup : Jaroslav Halak           

Extra Forwards
Normal : Elias Pettersson, Evgeny Dadonov, Max Domi - PP : Alex Killorn, Anders Lee - PK : Tomas Nosek
Extra Defensemen
Normal : Oliver Ekman-Larsson, Robert Hagg, Ryan Pulock - PP : Oliver Ekman-Larsson - PK : Jordie Benn, Olli Maatta
Penalty Shots
Elias Pettersson, Max Domi, Timo Meier, Evgeny Dadonov, Pierre-Luc Dubois
Custom OT Lines Forwards
Timo Meier, Evgeny Dadonov, Elias Pettersson, Pierre-Luc Dubois, Alex Killorn, Max Domi, Anders Lee, Blake Coleman, Vincent Hinostroza, Tomas Nosek
Custom OT Lines Defensemen
Oliver Ekman-Larsson, Ryan Pulock, Olli Maatta, Jordie Benn, Ethan Bear

Scratches
Nicolas Hague (Healthy), Cale Fleury (Healthy), David Kase (Healthy), Gabriel Fortier (Healthy), Glenn Gawdin (Healthy)
Adam McQuaid (Sports Hernia Injury), William Karlsson (Sprained Right Ankle Injury), Calvin Pickard (Healthy)

% Time on Ice - LOS ANGELES SEALS

Lines # - Real PCT - Wanted PCT - Time Play
Normal Forward
1 - 37% - 36% - 17:07
2 - 30% - 29% - 13:52
3 - 22% - 21% - 10:04
4 - 12% - 14% - 5:36
Normal Defense
1 - 37% - 36% - 17:02
2 - 35% - 31% - 16:14
3 - 24% - 23% - 11:14
4 - 5% - 10% - 2:09
PP Forward
1 - 58% - 55% - 2:12
2 - 42% - 45% - 1:36
PP Defense
1 - 58% - 55% - 2:12
2 - 42% - 45% - 1:36
PK Forward
1 - 55% - 55% - 3:05
2 - 45% - 45% - 2:30
PK Defense
1 - 53% - 55% - 2:59
2 - 47% - 45% - 2:36
PK3 Forward
1 - 0% - 55%
2 - 0% - 45%
PK3 Defense
1 - 0% - 55%
2 - 0% - 45%
44 Forward
1 - 74% - 55% - 2:56
2 - 26% - 45% - 1:02
44 Defense
1 - 63% - 55% - 2:30
2 - 37% - 45% - 1:28
Last Minute Offensive  - 0:00
Last Minute Defensive  - 0:00
Total
Forward - 60:00
Defense - 60:00

% Time on Ice - RENO LIONS

Lines # - Real PCT - Wanted PCT - Time Play
Normal Forward
1 - 36% - 35% - 16:49
2 - 30% - 30% - 14:04
3 - 26% - 25% - 12:03
4 - 8% - 10% - 3:43
Normal Defense
1 - 38% - 35% - 17:48
2 - 33% - 35% - 15:35
3 - 26% - 25% - 12:01
4 - 3% - 5% - 1:15
PP Forward
1 - 53% - 55% - 2:58
2 - 47% - 45% - 2:37
PP Defense
1 - 46% - 55% - 2:34
2 - 54% - 45% - 3:01
PK Forward
1 - 70% - 55% - 2:40
2 - 30% - 45% - 1:08
PK Defense
1 - 41% - 55% - 1:33
2 - 59% - 45% - 2:15
PK3 Forward
1 - 0% - 55%
2 - 0% - 45%
PK3 Defense
1 - 0% - 55%
2 - 0% - 45%
44 Forward
1 - 66% - 55% - 2:36
2 - 34% - 45% - 1:22
44 Defense
1 - 53% - 55% - 2:06
2 - 47% - 45% - 1:52
Last Minute Offensive  - 0:00
Last Minute Defensive  - 0:00
Total
Forward - 60:00
Defense - 60:00

Play-by-Play

1st period


0:01 of 1st period - Mark Scheifele wins face-off versus Elias Pettersson in neutral zone.
0:08 of 1st period - Off-side.
0:09 of 1st period - Max Domi wins face-off versus Joe Thornton in neutral zone.
0:16 of 1st period - Shot by Evgeny Dadonov.
0:16 of 1st period - Shot Blocked by Brandon Carlo.
0:28 of 1st period - Shot by Andreas Johnsson.
0:28 of 1st period - Shot Misses the Net.
0:40 of 1st period - Shot by Justin Williams.
0:40 of 1st period - Shot Blocked by Jordie Benn.
0:42 of 1st period - Shot by Brandon Carlo.
0:42 of 1st period - Shot Misses the Net.
0:44 of 1st period - Shot by Justin Williams.
0:44 of 1st period - Shot Misses the Net.
0:46 of 1st period - Shot by Justin Williams.
0:46 of 1st period - Stopped by Thomas Greiss without a rebound.
0:47 of 1st period - Colin White wins face-off versus Blake Coleman in RENO LIONS zone.
0:47 of 1st period - Colin White is hit by Robert Hagg.
0:52 of 1st period - Minor Penalty to Robert Hagg for Hooking.
0:53 of 1st period - Tomas Nosek wins face-off versus Jake DeBrusk in RENO LIONS zone.
0:59 of 1st period - Icing by Jake DeBrusk.
1:00 of 1st period - Mark Scheifele wins face-off versus Pierre-Luc Dubois in LOS ANGELES SEALS zone.
2:23 of 1st period - Shot by Joe Thornton.
2:23 of 1st period - Stopped by Thomas Greiss with a rebound.
2:27 of 1st period - Shot by Justin Williams.
2:27 of 1st period - Shot Blocked by Timo Meier.
2:29 of 1st period - Shot by Joe Thornton.
2:29 of 1st period - Shot Misses the Net.
2:31 of 1st period - Shot by Joe Thornton.
2:31 of 1st period - Stopped by Thomas Greiss without a rebound.
2:32 of 1st period - Brock Boeser wins face-off versus Pierre-Luc Dubois in RENO LIONS zone.
2:41 of 1st period - Shot by Mark Scheifele.
2:41 of 1st period - Goal by Mark Scheifele - LOS ANGELES SEALS : 1 - RENO LIONS : 0.
2:42 of 1st period - Colin White wins face-off versus Blake Coleman in neutral zone.
3:04 of 1st period - Shot by Craig Smith.
3:04 of 1st period - Shot Misses the Net.
3:12 of 1st period - Shot by Patrick Marleau.
3:12 of 1st period - Shot Misses the Net.
3:20 of 1st period - Shot by Colin White.
3:20 of 1st period - Deflect By Patrick Marleau.
3:20 of 1st period - Shot Misses the Net.
3:22 of 1st period - Shot by Colin White.
3:22 of 1st period - Stopped by Thomas Greiss with a rebound.
3:45 of 1st period - Icing by Jake DeBrusk.
3:46 of 1st period - Elias Pettersson wins face-off versus Jake DeBrusk in LOS ANGELES SEALS zone.
6:22 of 1st period - Shot by Mark Scheifele.
6:22 of 1st period - Stopped by Thomas Greiss without a rebound.
6:23 of 1st period - Mark Scheifele wins face-off versus Tomas Nosek in RENO LIONS zone.
6:50 of 1st period - Roman Polak is hit by Tomas Nosek and loses puck.
7:24 of 1st period - Shot by Anders Lee.
7:24 of 1st period - Shot Misses the Net.
7:58 of 1st period - Shot by Justin Williams.
7:58 of 1st period - Stopped by Thomas Greiss without a rebound.
7:59 of 1st period - Max Domi wins face-off versus Colin White in RENO LIONS zone.
7:59 of 1st period - Max Domi is hit by Craig Smith.
8:12 of 1st period - Shot by Patrick Marleau.
8:12 of 1st period - Stopped by Thomas Greiss without a rebound.
8:13 of 1st period - Joe Thornton wins face-off versus Elias Pettersson in RENO LIONS zone.
8:50 of 1st period - Shot by Justin Williams.
8:50 of 1st period - Stopped by Thomas Greiss without a rebound.
8:51 of 1st period - Colin White wins face-off versus Max Domi in RENO LIONS zone.
9:14 of 1st period - Shot by Patrick Marleau.
9:14 of 1st period - Goal by Patrick Marleau - LOS ANGELES SEALS : 2 - RENO LIONS : 0.
9:15 of 1st period - Adam Lowry wins face-off versus Blake Coleman in neutral zone.
9:28 of 1st period - Shot by Anders Lee.
9:28 of 1st period - Deflect By Vincent Hinostroza.
9:28 of 1st period - Shot Blocked by Roman Polak.
9:36 of 1st period - Shot by Anders Lee.
9:36 of 1st period - Deflect By Vincent Hinostroza.
9:36 of 1st period - Shot Blocked by Roman Polak.
9:38 of 1st period - Shot by Jordie Benn.
9:38 of 1st period - Shot Misses the Net.
9:40 of 1st period - Shot by Jordie Benn.
9:40 of 1st period - Stopped by Robin Lehner with a rebound.
10:06 of 1st period - Shot by Elias Pettersson.
10:06 of 1st period - Shot Misses the Net.
10:18 of 1st period - Shot by Elias Pettersson.
10:18 of 1st period - Stopped by Robin Lehner without a rebound.
10:19 of 1st period - Max Domi wins face-off versus Mark Scheifele in LOS ANGELES SEALS zone.
10:37 of 1st period - Shot by Max Domi.
10:37 of 1st period - Goal by Max Domi - LOS ANGELES SEALS : 2 - RENO LIONS : 1.
10:38 of 1st period - Joe Thornton wins face-off versus Elias Pettersson in neutral zone.
10:45 of 1st period - Icing by Oliver Ekman-Larsson.
10:46 of 1st period - Alex Killorn wins face-off versus Mark Scheifele in RENO LIONS zone.
10:46 of 1st period - Alex Killorn is hit by Brock Boeser.
10:51 of 1st period - Timo Meier is hit by Esa Lindell and loses puck.
11:26 of 1st period - Mark Scheifele is hit by Oliver Ekman-Larsson and loses puck.
11:51 of 1st period - Shayne Gostisbehere is hit by Timo Meier and loses puck.
12:10 of 1st period - Double Minor Penalty to Shayne Gostisbehere for High sticking.
12:11 of 1st period - Max Domi wins face-off versus Adam Lowry in LOS ANGELES SEALS zone.
12:39 of 1st period - Shot by Evgeny Dadonov.
12:39 of 1st period - Shot Blocked by Roman Polak.
12:48 of 1st period - Icing by Ethan Bear.
12:49 of 1st period - Adam Lowry wins face-off versus Max Domi in RENO LIONS zone.
13:32 of 1st period - Shot by Timo Meier.
13:32 of 1st period - Shot Misses the Net.
14:02 of 1st period - Shot by Max Domi.
14:02 of 1st period - Shot Blocked by Erik Haula.
14:06 of 1st period - Shot by Max Domi.
14:06 of 1st period - Stopped by Robin Lehner without a rebound.
14:07 of 1st period - Erik Haula wins face-off versus Max Domi in LOS ANGELES SEALS zone.
15:09 of 1st period - Shot by Alex Killorn.
15:09 of 1st period - Shot Misses the Net.
15:11 of 1st period - Shot by Jordie Benn.
15:11 of 1st period - Stopped by Robin Lehner without a rebound.
15:12 of 1st period - Erik Haula wins face-off versus Pierre-Luc Dubois in LOS ANGELES SEALS zone.
15:23 of 1st period - Shot by Alex Killorn.
15:23 of 1st period - Shot Misses the Net.
15:34 of 1st period - Icing by Timo Meier.
15:35 of 1st period - Adam Lowry wins face-off versus Pierre-Luc Dubois in RENO LIONS zone.
16:14 of 1st period - Shot by Evgeny Dadonov.
16:14 of 1st period - Stopped by Robin Lehner without a rebound.
16:15 of 1st period - Mark Scheifele wins face-off versus Blake Coleman in LOS ANGELES SEALS zone.
16:28 of 1st period - Shot by Jake DeBrusk.
16:28 of 1st period - Stopped by Thomas Greiss with a rebound.
16:52 of 1st period - Shot by Brock Boeser.
16:52 of 1st period - Shot Blocked by Ethan Bear.
17:25 of 1st period - Off-side.
17:26 of 1st period - Max Domi wins face-off versus Colin White in neutral zone.
17:37 of 1st period - Shot by Pierre-Luc Dubois.
17:37 of 1st period - Shot Blocked by Shayne Gostisbehere.
17:42 of 1st period - Craig Smith is hit by Ryan Pulock and loses puck.
18:02 of 1st period - Craig Smith is hit by Ryan Pulock and loses puck.
18:46 of 1st period - Shot by Joe Thornton.
18:46 of 1st period - Stopped by Thomas Greiss without a rebound.
18:47 of 1st period - Elias Pettersson wins face-off versus Brock Boeser in RENO LIONS zone.
19:47 of 1st period - Icing by Jake DeBrusk.
19:48 of 1st period - Blake Coleman wins face-off versus Mark Scheifele in LOS ANGELES SEALS zone.
Goals for this period are 2 for LOS ANGELES SEALS vs 1 for RENO LIONS.
Shots for this period are 12 for LOS ANGELES SEALS vs 6 for RENO LIONS.

2nd period


0:01 of 2nd period - Joe Thornton wins face-off versus Elias Pettersson in neutral zone.
0:23 of 2nd period - Icing by Timo Meier.
0:24 of 2nd period - Colin White wins face-off versus Elias Pettersson in RENO LIONS zone.
0:35 of 2nd period - Shot by Elias Pettersson.
0:35 of 2nd period - Shot Misses the Net.
0:37 of 2nd period - Shot by Timo Meier.
0:37 of 2nd period - Shot Misses the Net.
1:24 of 2nd period - Ryan Pulock is hit by Andreas Johnsson and loses puck.
1:50 of 2nd period - Shot by Justin Williams.
1:50 of 2nd period - Deflect By Andreas Johnsson.
1:50 of 2nd period - Shot Misses the Net.
2:14 of 2nd period - Off-side.
2:15 of 2nd period - Erik Haula wins face-off versus Blake Coleman in neutral zone.
2:20 of 2nd period - Blake Coleman is hit by Mathieu Perreault and loses puck.
2:33 of 2nd period - Shot by Mathieu Perreault.
2:33 of 2nd period - Shot Misses the Net.
2:35 of 2nd period - Shot by Mathieu Perreault.
2:35 of 2nd period - Shot Misses the Net.
2:37 of 2nd period - Shot by Adam Lowry.
2:37 of 2nd period - Deflect By Erik Haula.
2:37 of 2nd period - Shot Misses the Net.
2:44 of 2nd period - Minor Penalty to Robert Hagg for Interference.
2:44 of 2nd period - Minor Penalty to Adam Lowry for Holding.
2:45 of 2nd period - Mark Scheifele wins face-off versus Blake Coleman in RENO LIONS zone.
2:50 of 2nd period - Shot by Mark Scheifele.
2:50 of 2nd period - Deflect By Brock Boeser.
2:50 of 2nd period - Shot Misses the Net.
2:52 of 2nd period - Shot by Alex Goligoski.
2:52 of 2nd period - Shot Misses the Net.
2:54 of 2nd period - Shot by Alex Goligoski.
2:54 of 2nd period - Shot Misses the Net.
3:02 of 2nd period - Shot by Brock Boeser.
3:02 of 2nd period - Stopped by Thomas Greiss without a rebound.
3:03 of 2nd period - Tomas Nosek wins face-off versus Mark Scheifele in RENO LIONS zone.
3:03 of 2nd period - Tomas Nosek is hit by Mark Scheifele.
3:06 of 2nd period - Icing by Oliver Ekman-Larsson.
3:07 of 2nd period - Tomas Nosek wins face-off versus Mark Scheifele in RENO LIONS zone.
4:30 of 2nd period - Shot by Anders Lee.
4:30 of 2nd period - Shot Misses the Net.
4:37 of 2nd period - Icing by Roman Polak.
4:38 of 2nd period - Joe Thornton wins face-off versus Blake Coleman in LOS ANGELES SEALS zone.
4:54 of 2nd period - Evgeny Dadonov is hit by Dan Hamhuis and loses puck.
4:59 of 2nd period - Shot by Pierre-Luc Dubois.
4:59 of 2nd period - Stopped by Robin Lehner without a rebound.
5:00 of 2nd period - Joe Thornton wins face-off versus Elias Pettersson in LOS ANGELES SEALS zone.
5:07 of 2nd period - Shot by Andreas Johnsson.
5:07 of 2nd period - Shot Misses the Net.
6:02 of 2nd period - Shot by Mark Scheifele.
6:02 of 2nd period - Deflect By Jake DeBrusk.
6:02 of 2nd period - Stopped by Thomas Greiss without a rebound.
6:03 of 2nd period - Colin White wins face-off versus Max Domi in RENO LIONS zone.
6:26 of 2nd period - Shot by Evgeny Dadonov.
6:26 of 2nd period - Stopped by Robin Lehner with a rebound.
6:28 of 2nd period - Shot by Pierre-Luc Dubois.
6:28 of 2nd period - Shot Blocked by Craig Smith.
7:06 of 2nd period - Shot by Mark Scheifele.
7:06 of 2nd period - Shot Misses the Net.
8:05 of 2nd period - Off-side.
8:06 of 2nd period - Elias Pettersson wins face-off versus Adam Lowry in neutral zone.
8:09 of 2nd period - Shot by Elias Pettersson.
8:09 of 2nd period - Deflect By Timo Meier.
8:09 of 2nd period - Stopped by Robin Lehner without a rebound.
8:10 of 2nd period - Elias Pettersson wins face-off versus Joe Thornton in LOS ANGELES SEALS zone.
8:38 of 2nd period - Shot by Andreas Johnsson.
8:38 of 2nd period - Shot Blocked by Elias Pettersson.
8:40 of 2nd period - Shot by Joe Thornton.
8:40 of 2nd period - Goal by Joe Thornton - LOS ANGELES SEALS : 3 - RENO LIONS : 1.
8:41 of 2nd period - Mark Scheifele wins face-off versus Blake Coleman in neutral zone.
9:16 of 2nd period - Shot by Mark Scheifele.
9:16 of 2nd period - Shot Misses the Net.
9:18 of 2nd period - Shot by Jake DeBrusk.
9:18 of 2nd period - Stopped by Thomas Greiss with a rebound.
9:20 of 2nd period - Shot by Esa Lindell.
9:20 of 2nd period - Stopped by Thomas Greiss without a rebound.
9:21 of 2nd period - Elias Pettersson wins face-off versus Colin White in RENO LIONS zone.
9:36 of 2nd period - Patrick Marleau is hit by Oliver Ekman-Larsson and loses puck.
10:40 of 2nd period - Nikolay Goldobin is hit by Brandon Carlo and loses puck.
11:38 of 2nd period - Icing by Robert Hagg.
11:39 of 2nd period - Tomas Nosek wins face-off versus Adam Lowry in RENO LIONS zone.
11:57 of 2nd period - Shot by Mathieu Perreault.
11:57 of 2nd period - Shot Misses the Net.
11:59 of 2nd period - Shot by Shayne Gostisbehere.
11:59 of 2nd period - Shot Blocked by Robert Hagg.
12:01 of 2nd period - Shot by Mathieu Perreault.
12:01 of 2nd period - Shot Blocked by Robert Hagg.
12:03 of 2nd period - Shot by Adam Lowry.
12:03 of 2nd period - Shot Misses the Net.
12:05 of 2nd period - Shot by Mathieu Perreault.
12:05 of 2nd period - Shot Misses the Net.
12:07 of 2nd period - Shot by Adam Lowry.
12:07 of 2nd period - Shot Misses the Net.
12:41 of 2nd period - Shot by Mark Scheifele.
12:41 of 2nd period - Shot Misses the Net.
12:45 of 2nd period - Shot by Mark Scheifele.
12:45 of 2nd period - Stopped by Thomas Greiss without a rebound.
12:46 of 2nd period - Colin White wins face-off versus Blake Coleman in RENO LIONS zone.
12:47 of 2nd period - Shot by Patrick Marleau.
12:47 of 2nd period - Shot Misses the Net.
13:11 of 2nd period - Olli Maatta is hit by Patrick Marleau and loses puck.
14:10 of 2nd period - Shot by Timo Meier.
14:10 of 2nd period - Shot Misses the Net.
14:12 of 2nd period - Shot by Timo Meier.
14:12 of 2nd period - Stopped by Robin Lehner without a rebound.
14:13 of 2nd period - Joe Thornton wins face-off versus Max Domi in LOS ANGELES SEALS zone.
14:31 of 2nd period - Minor Penalty to Pierre-Luc Dubois for Hooking.
14:31 of 2nd period - Minor Penalty to Dan Hamhuis for Hooking.
14:32 of 2nd period - Mark Scheifele wins face-off versus Blake Coleman in LOS ANGELES SEALS zone.
14:41 of 2nd period - Shot by Mark Scheifele.
14:41 of 2nd period - Shot Blocked by Blake Coleman.
14:53 of 2nd period - Shot by Blake Coleman.
14:53 of 2nd period - Stopped by Robin Lehner without a rebound.
14:54 of 2nd period - Blake Coleman wins face-off versus Mark Scheifele in LOS ANGELES SEALS zone.
15:02 of 2nd period - Off-side.
15:03 of 2nd period - Mark Scheifele wins face-off versus Blake Coleman in neutral zone.
15:38 of 2nd period - Icing by Esa Lindell.
15:39 of 2nd period - Mark Scheifele wins face-off versus Tomas Nosek in LOS ANGELES SEALS zone.
15:46 of 2nd period - Shot by Mark Scheifele.
15:46 of 2nd period - Stopped by Thomas Greiss without a rebound.
15:47 of 2nd period - Joe Thornton wins face-off versus Blake Coleman in RENO LIONS zone.
15:56 of 2nd period - Shot by Joe Thornton.
15:56 of 2nd period - Shot Misses the Net.
16:11 of 2nd period - Shot by Brock Boeser.
16:11 of 2nd period - Shot Misses the Net.
16:18 of 2nd period - Off-side.
16:19 of 2nd period - Tomas Nosek wins face-off versus Mark Scheifele in neutral zone.
16:47 of 2nd period - Shot by Pierre-Luc Dubois.
16:47 of 2nd period - Stopped by Robin Lehner without a rebound.
16:48 of 2nd period - Elias Pettersson wins face-off versus Joe Thornton in LOS ANGELES SEALS zone.
16:48 of 2nd period - Alex Killorn is hit by Alex Goligoski and loses puck.
16:58 of 2nd period - Justin Williams is hit by Ryan Pulock and loses puck.
17:15 of 2nd period - Shot by Justin Williams.
17:15 of 2nd period - Shot Misses the Net.
17:17 of 2nd period - Shot by Andreas Johnsson.
17:17 of 2nd period - Stopped by Thomas Greiss without a rebound.
17:18 of 2nd period - Adam Lowry wins face-off versus Max Domi in RENO LIONS zone.
17:27 of 2nd period - Shot by Erik Haula.
17:27 of 2nd period - Stopped by Thomas Greiss with a rebound.
17:52 of 2nd period - Shot by Adam Lowry.
17:52 of 2nd period - Shot Misses the Net.
17:54 of 2nd period - Shot by Adam Lowry.
17:54 of 2nd period - Shot Misses the Net.
18:00 of 2nd period - Shot by Erik Haula.
18:00 of 2nd period - Shot Misses the Net.
18:52 of 2nd period - Shot by Mark Scheifele.
18:52 of 2nd period - Stopped by Thomas Greiss with a rebound.
19:34 of 2nd period - Shot by Andreas Johnsson.
19:34 of 2nd period - Shot Misses the Net.
19:40 of 2nd period - Shot by Anders Lee.
19:40 of 2nd period - Stopped by Robin Lehner without a rebound.
19:41 of 2nd period - Colin White wins face-off versus Max Domi in LOS ANGELES SEALS zone.
19:48 of 2nd period - Icing by Robert Hagg.
19:49 of 2nd period - Max Domi wins face-off versus Colin White in RENO LIONS zone.
19:56 of 2nd period - Shot by Evgeny Dadonov.
19:56 of 2nd period - Shot Blocked by Brandon Carlo.
Goals for this period are 1 for LOS ANGELES SEALS vs 0 for RENO LIONS.
Shots for this period are 10 for LOS ANGELES SEALS vs 7 for RENO LIONS.

3rd period


0:01 of 3rd period - Mark Scheifele wins face-off versus Blake Coleman in neutral zone.
0:06 of 3rd period - Shot by Mark Scheifele.
0:06 of 3rd period - Deflect By Jake DeBrusk.
0:06 of 3rd period - Stopped by Thomas Greiss with a rebound.
0:25 of 3rd period - Olli Maatta is hit by Esa Lindell and loses puck.
0:42 of 3rd period - Shot by Anders Lee.
0:42 of 3rd period - Stopped by Robin Lehner without a rebound.
0:43 of 3rd period - Joe Thornton wins face-off versus Elias Pettersson in LOS ANGELES SEALS zone.
0:43 of 3rd period - Joe Thornton is hit by Timo Meier.
1:13 of 3rd period - Shot by Timo Meier.
1:13 of 3rd period - Shot Misses the Net.
1:53 of 3rd period - Shot by Max Domi.
1:53 of 3rd period - Stopped by Robin Lehner without a rebound.
1:54 of 3rd period - Mark Scheifele wins face-off versus Blake Coleman in LOS ANGELES SEALS zone.
2:20 of 3rd period - Shot by Mark Scheifele.
2:20 of 3rd period - Stopped by Thomas Greiss with a rebound.
2:58 of 3rd period - Shot by Craig Smith.
2:58 of 3rd period - Deflect By Colin White.
2:58 of 3rd period - Stopped by Thomas Greiss without a rebound.
2:59 of 3rd period - Elias Pettersson wins face-off versus Colin White in RENO LIONS zone.
3:10 of 3rd period - Shot by Elias Pettersson.
3:10 of 3rd period - Shot Hit the Post.
3:47 of 3rd period - Icing by Shayne Gostisbehere.
3:48 of 3rd period - Max Domi wins face-off versus Colin White in LOS ANGELES SEALS zone.
4:56 of 3rd period - Off-side.
4:57 of 3rd period - Elias Pettersson wins face-off versus Mark Scheifele in neutral zone.
4:57 of 3rd period - Elias Pettersson is hit by Mark Scheifele.
5:36 of 3rd period - Shot by Mark Scheifele.
5:36 of 3rd period - Stopped by Thomas Greiss without a rebound.
5:37 of 3rd period - Adam Lowry wins face-off versus Blake Coleman in RENO LIONS zone.
5:40 of 3rd period - Shot by Mathieu Perreault.
5:40 of 3rd period - Shot Misses the Net.
5:43 of 3rd period - Icing by Ryan Pulock.
5:44 of 3rd period - Adam Lowry wins face-off versus Blake Coleman in RENO LIONS zone.
6:00 of 3rd period - Shot by Blake Coleman.
6:00 of 3rd period - Shot Blocked by Adam Lowry.
6:02 of 3rd period - Shot by Ryan Pulock.
6:02 of 3rd period - Stopped by Robin Lehner without a rebound.
6:03 of 3rd period - Mark Scheifele wins face-off versus Elias Pettersson in LOS ANGELES SEALS zone.
6:18 of 3rd period - Off-side.
6:19 of 3rd period - Joe Thornton wins face-off versus Blake Coleman in neutral zone.
6:23 of 3rd period - Icing by Ryan Pulock.
6:24 of 3rd period - Blake Coleman wins face-off versus Mark Scheifele in RENO LIONS zone.
6:52 of 3rd period - Shot by Jake DeBrusk.
6:52 of 3rd period - Shot Misses the Net.
7:19 of 3rd period - Icing by Ryan Pulock.
7:20 of 3rd period - Joe Thornton wins face-off versus Blake Coleman in RENO LIONS zone.
7:43 of 3rd period - Shot by Joe Thornton.
7:43 of 3rd period - Stopped by Thomas Greiss without a rebound.
7:44 of 3rd period - Elias Pettersson wins face-off versus Colin White in RENO LIONS zone.
7:54 of 3rd period - Shot by Alex Killorn.
7:54 of 3rd period - Stopped by Robin Lehner with a rebound.
7:56 of 3rd period - Shot by Timo Meier.
7:56 of 3rd period - Stopped by Robin Lehner without a rebound.
7:57 of 3rd period - Max Domi wins face-off versus Adam Lowry in LOS ANGELES SEALS zone.
8:25 of 3rd period - Shot by Evgeny Dadonov.
8:25 of 3rd period - Stopped by Robin Lehner without a rebound.
8:26 of 3rd period - Elias Pettersson wins face-off versus Mark Scheifele in LOS ANGELES SEALS zone.
8:35 of 3rd period - Shot by Elias Pettersson.
8:35 of 3rd period - Stopped by Robin Lehner without a rebound.
8:36 of 3rd period - Alex Killorn wins face-off versus Joe Thornton in LOS ANGELES SEALS zone.
8:37 of 3rd period - Shot by Timo Meier.
8:37 of 3rd period - Stopped by Robin Lehner with a rebound.
8:50 of 3rd period - Minor Penalty to Timo Meier for Hooking.
8:51 of 3rd period - Mark Scheifele wins face-off versus Tomas Nosek in RENO LIONS zone.
9:10 of 3rd period - Shot by Brock Boeser.
9:10 of 3rd period - Deflect By Mark Scheifele.
9:10 of 3rd period - Shot Blocked by Olli Maatta.
9:22 of 3rd period - Shot by Mark Scheifele.
9:22 of 3rd period - Stopped by Thomas Greiss without a rebound.
9:23 of 3rd period - Tomas Nosek wins face-off versus Justin Williams in RENO LIONS zone.
10:22 of 3rd period - Shot by Jake DeBrusk.
10:22 of 3rd period - Stopped by Thomas Greiss without a rebound.
10:23 of 3rd period - Mark Scheifele wins face-off versus Pierre-Luc Dubois in RENO LIONS zone.
10:52 of 3rd period - Shot by Patrick Marleau.
10:52 of 3rd period - Stopped by Thomas Greiss with a rebound.
10:57 of 3rd period - Icing by Timo Meier.
10:58 of 3rd period - Elias Pettersson wins face-off versus Colin White in RENO LIONS zone.
11:23 of 3rd period - Shot by Elias Pettersson.
11:23 of 3rd period - Stopped by Robin Lehner without a rebound.
11:24 of 3rd period - Max Domi wins face-off versus Mark Scheifele in LOS ANGELES SEALS zone.
11:39 of 3rd period - Shot by Brock Boeser.
11:39 of 3rd period - Shot Misses the Net.
11:41 of 3rd period - Shot by Mark Scheifele.
11:41 of 3rd period - Deflect By Jake DeBrusk.
11:41 of 3rd period - Shot Misses the Net.
11:43 of 3rd period - Shot by Shayne Gostisbehere.
11:43 of 3rd period - Stopped by Thomas Greiss without a rebound.
11:44 of 3rd period - Joe Thornton wins face-off versus Elias Pettersson in RENO LIONS zone.
11:47 of 3rd period - Shot by Justin Williams.
11:47 of 3rd period - Shot Hit the Post.
12:36 of 3rd period - Icing by Joe Thornton.
12:37 of 3rd period - Joe Thornton wins face-off versus Max Domi in LOS ANGELES SEALS zone.
12:56 of 3rd period - Shot by Pierre-Luc Dubois.
12:56 of 3rd period - Stopped by Robin Lehner without a rebound.
12:57 of 3rd period - Mark Scheifele wins face-off versus Blake Coleman in LOS ANGELES SEALS zone.
12:59 of 3rd period - Icing by Brock Boeser.
13:00 of 3rd period - Mark Scheifele wins face-off versus Blake Coleman in LOS ANGELES SEALS zone.
13:07 of 3rd period - Shot by Mark Scheifele.
13:07 of 3rd period - Stopped by Thomas Greiss without a rebound.
13:08 of 3rd period - Mark Scheifele wins face-off versus Max Domi in RENO LIONS zone.
13:28 of 3rd period - Off-side.
13:29 of 3rd period - Colin White wins face-off versus Blake Coleman in neutral zone.
13:57 of 3rd period - Shot by Craig Smith.
13:57 of 3rd period - Shot Misses the Net.
14:05 of 3rd period - Shot by Anders Lee.
14:05 of 3rd period - Shot Blocked by Craig Smith.
14:36 of 3rd period - Shot by Brock Boeser.
14:36 of 3rd period - Deflect By Mark Scheifele.
14:36 of 3rd period - Shot Blocked by Olli Maatta.
14:42 of 3rd period - Shot by Jake DeBrusk.
14:42 of 3rd period - Shot Misses the Net.
14:44 of 3rd period - Shot by Mark Scheifele.
14:44 of 3rd period - Goal by Mark Scheifele - LOS ANGELES SEALS : 4 - RENO LIONS : 1.
14:45 of 3rd period - Joe Thornton wins face-off versus Alex Killorn in neutral zone.
14:48 of 3rd period - Shot by Justin Williams.
14:48 of 3rd period - Shot Misses the Net.
14:50 of 3rd period - Shot by Roman Polak.
14:50 of 3rd period - Stopped by Thomas Greiss with a rebound.
15:25 of 3rd period - Joe Thornton is hit by Ryan Pulock and loses puck.
15:49 of 3rd period - Shot by Mark Scheifele.
15:49 of 3rd period - Shot Misses the Net.
15:57 of 3rd period - Shot by Jake DeBrusk.
15:57 of 3rd period - Stopped by Thomas Greiss without a rebound.
15:58 of 3rd period - Adam Lowry wins face-off versus Max Domi in RENO LIONS zone.
16:13 of 3rd period - Shot by Evgeny Dadonov.
16:13 of 3rd period - Goal by Evgeny Dadonov - LOS ANGELES SEALS : 4 - RENO LIONS : 2.
16:14 of 3rd period - Tomas Nosek wins face-off versus Mark Scheifele in neutral zone.
16:33 of 3rd period - Shot by Mark Scheifele.
16:33 of 3rd period - Stopped by Thomas Greiss without a rebound.
16:34 of 3rd period - Max Domi wins face-off versus Colin White in RENO LIONS zone.
16:34 of 3rd period - Max Domi is hit by Colin White.
16:43 of 3rd period - Shot by Patrick Marleau.
16:43 of 3rd period - Shot Blocked by Jordie Benn.
16:56 of 3rd period - Shot by Craig Smith.
16:56 of 3rd period - Shot Misses the Net.
17:29 of 3rd period - Icing by Jake DeBrusk.
17:30 of 3rd period - Mark Scheifele wins face-off versus Blake Coleman in LOS ANGELES SEALS zone.
18:06 of 3rd period - Icing by Oliver Ekman-Larsson.
18:07 of 3rd period - Adam Lowry wins face-off versus Blake Coleman in RENO LIONS zone.
18:18 of 3rd period - Shot by Anders Lee.
18:18 of 3rd period - Shot Misses the Net.
18:20 of 3rd period - Shot by Blake Coleman.
18:20 of 3rd period - Shot Misses the Net.
18:22 of 3rd period - Shot by Vincent Hinostroza.
18:22 of 3rd period - Shot Misses the Net.
18:23 of 3rd period - Minor Penalty to Dan Hamhuis for Tripping.
18:24 of 3rd period - Max Domi wins face-off versus Mathieu Perreault in LOS ANGELES SEALS zone.
18:59 of 3rd period - Shot by Elias Pettersson.
18:59 of 3rd period - Shot Misses the Net.
19:06 of 3rd period - Shot by Jordie Benn.
19:06 of 3rd period - Stopped by Robin Lehner without a rebound.
19:07 of 3rd period - Erik Haula wins face-off versus Pierre-Luc Dubois in LOS ANGELES SEALS zone.
19:24 of 3rd period - Shot by Timo Meier.
19:24 of 3rd period - Stopped by Robin Lehner with a rebound.
Goals for this period are 1 for LOS ANGELES SEALS vs 1 for RENO LIONS.
Shots for this period are 14 for LOS ANGELES SEALS vs 13 for RENO LIONS.


NATHAN
MACKINNON
PHILLIP
DANAULT
CONNOR
MCDAVID

EAST COAST

HOCKEY LEAGUE

  • 25.QUE4CHI5
  • 26.CHA2LIM3
  • 27.TRV2LON3
  • 28.CHW4BAL2
  • 29.PITMAN
  • 30.ATLNHW
  • 31.WORPET
  • 32.RHI